 Dungeon Crawl Stone Soup version bcrawl-1.27.6 (webtiles) character file.

Game seed: 16543065261102403930

227430 Faustar the Skirmisher (level 7, -2/66 HPs)
             Began as a Hill Orc Fighter on Sept 9, 2020.
             Was an Initiate of Makhleb.
             Slain by an ogre
             ... wielding a +0 giant club
              (7 damage)
             ... on level 4 of the Dungeon.
             The game lasted 00:05:16 (2967 turns).

Faustar the Skirmisher (Hill Orc Fighter)           Turns: 2967, Time: 00:05:17

Health: -2/66      AC: 13    Str: 21    XL:     7   Next: 18%
Magic:  7/7        EV:  9    Int:  8    God:    Makhleb [......]
Gold:   394        SH:  0    Dex: 10    Spells: 6/6 levels left

rFire    . . .     SeeInvis .   j - +1 flail (protect)
rCold    + . .     Gourm    .   (no shield)
rNeg     . . .     Faith    .   b - +0 scale mail
rPois    .         Spirit   .   (no helmet)
rElec    .         Reflect  .   (no cloak)
rCorr    .         Harm     .   (no gloves)
MR       .....                  (no boots)
Stlth    ..........             (no amulet)
HPRegen  0.21/turn              f - ring "Voeby" {rC+ Stlth--}
MPRegen  0.10/turn              (no ring)

@: protection aura
A: no striking features
a: Renounce Religion


You were on level 4 of the Dungeon.
You worshipped Makhleb.
Makhleb was noncommittal.
You were hungry.

You visited 1 branch of the dungeon, and saw 4 of its levels.

You collected 394 gold pieces.

Inventory:

Hand Weapons
 a - a +0 flail
 j - a +1 flail of protection (weapon)
 v - a +0 morningstar
Armour
 b - a +0 scale mail (worn)
 c - a +0 medium shield
 u - the -2 hat of the Alchemist {rElec rPois rF+ rC+ rN+ MR+ rMut rCorr}
   (You found it on level 4 of the Dungeon)

   It protects you from fire.
   It protects you from cold.
   It insulates you from electricity.
   It protects you from poison.
   It protects you from negative energy.
   It affects your resistance to hostile enchantments.
   It provides partial protection from all sources of acid and corrosion.
   It protects you from mutation.
Jewellery
 f - the ring "Voeby" (left hand) {rC+ Stlth--}
   (You found it on level 1 of the Dungeon)

   [ring of attention]

   It protects you from cold.
   It makes you much less stealthy.
Wands
 t - a wand of polymorph (7)
Scrolls
 h - 2 scrolls of fog {unknown}
 l - 2 scrolls of blinking {unknown}
 m - a scroll of immolation {unknown}
 o - a scroll of amnesia {unknown}
 p - 2 scrolls of identify
 r - a scroll of magic mapping {unknown}
 s - a scroll of enchant armour {unknown}
Potions
 d - 2 potions of might
 g - a potion of lignification {unknown}
 i - a potion of agility {unknown}
 k - a potion of degeneration {unknown}
 n - a potion of resistance {unknown}
 q - a potion of curing {unknown}
Comestibles
 e - 9 rations {!d}


   Skills:
 + Level 7.4 Fighting
   Level 7.4 Short Blades
   Level 7.4 Long Blades
   Level 7.4 Axes
   Level 7.4 Maces & Flails
   Level 7.4 Polearms
   Level 7.4 Staves
 - Level 3.2 Armour
 - Level 3.2 Shields
   Level 7.4 Unarmed Combat


You had 6 spell levels left.
You didn't know any spells.
Your spell library was empty.

Dungeon Overview and Level Annotations

Branches:
Dungeon (4/12)
 Temple: D:4-7

Altars:
Ashenzari
Makhleb
Okawaru
Trog
Vehumet
Wu Jian


Message History

You completely miss the ogre. You punch the ogre.
The ogre is heavily wounded.
The ogre hits you with a +0 giant club!
You hit the ogre.
The ogre is heavily wounded.
The ogre closely misses you.
You hit the ogre but do no damage.
The ogre is heavily wounded.
The ogre hits you with a +0 giant club!
* * * LOW HITPOINT WARNING * * *
You hit the ogre.
The ogre is severely wounded.
You hit the ogre.
The ogre is almost dead.
The ogre hits you with a +0 giant club.
* * * LOW HITPOINT WARNING * * *
You barely miss the ogre.
The ogre is almost dead.
The ogre hits you with a +0 giant club!
You die...

##............##.# ####.....#...
##..#.............###........#..#
##...##....... ....#...........##
#....# ......# ......#.#.#.#...##
.#...##.....# #...............
###.........# #...#.#.#.#[...#
..##......## ##...............
...###.##########....#.#.#.#.....
.......## #....@O.............#.
....##.........###...#.#.#.#.....
##.##...##..####.#.#.........#...
####....##. . #.....#....######.
## .#### ###+###.>.....#####.
.###..# #≈≈.≈≈#.)...........
###..# #≈≈.≈§#O......#.#...
.....#... +.._..'(......####.#
)=......[# #≈≈.§§#.#..........


You could see an ogre.

Vanquished Creatures
  A sky beast (D:3)
  A scorpion (D:4)
  A wight (D:4)
  2 crimson imps (D:4)
  A hound (D:4)
  An orc wizard (D:4)
  Jessica (D:1)
  A worker ant (D:4)
  3 gnolls (D:2)
  2 adders
  2 oozes (D:3)
  An adder skeleton (D:4)
  2 worms
  2 dart slugs
  2 leopard geckos
  5 orcs
  A ball python (D:2)
  7 bats
  3 giant cockroaches
  7 goblins
  10 hobgoblins
  3 jackals (D:3)
  A quokka (D:3)
  A ball python skeleton (D:4)
  8 frilled lizards
  11 kobolds
  8 rats
88 creatures vanquished.

Notes
Turn   | Place    | Note
-------+----------+-------------------------------------------
     0 | D:1      | Faustar the Hill Orc Fighter began the quest for the Orb.
     0 | D:1      | Reached XP level 1. HP: 20/20 MP: 1/1
   116 | D:1      | Got a transparent brass ring
   271 | D:1      | Reached XP level 2. HP: 27/28 MP: 2/2
   559 | D:1      | Reached XP level 3. HP: 30/34 MP: 3/3
   669 | D:1      | Got a pitted marble ring
   786 | D:2      | Noticed Jessica
   796 | D:1      | Killed Jessica
   796 | D:1      | Reached skill level 5 in Fighting
   892 | D:1      | Reached XP level 4. HP: 21/42 MP: 4/4
  1534 | D:2      | Reached XP level 5. HP: 45/50 MP: 5/5
  1778 | D:3      | Found a burning altar of Makhleb.
  1798 | D:3      | Became a worshipper of Makhleb the Destroyer
  1855 | D:3      | Noticed a sky beast
  1882 | D:3      | Killed a sky beast
  1882 | D:3      | Reached skill level 6 in Fighting
  1882 | D:3      | Reached XP level 6. HP: 22/58 MP: 6/6
  2118 | D:3      | Found an ornate altar of the Wu Jian Council.
  2198 | D:3      | Found a radiant altar of Vehumet.
  2453 | D:4      | Found a shattered altar of Ashenzari.
  2674 | D:4      | Identified the ring "Voeby" {rC+ Stlth--} (You found it on
                  | level 1 of the Dungeon)
  2675 | D:4      | Identified the ring "Feirhil" {+Fly MR- Str+4} (You found
                  | it on level 1 of the Dungeon)
  2733 | D:4      | Reached skill level 7 in Fighting
  2779 | D:4      | Found a bloodstained altar of Trog.
  2804 | D:4      | Found the -2 hat of the Alchemist {rElec rPois rF+ rC+ rN+
                  | MR+ rMut rCorr}
  2871 | D:4      | Reached XP level 7. HP: 51/66 MP: 7/7
  2941 | D:4      | Found an iron altar of Okawaru.
  2967 | D:4      | Slain by an ogre

Skill      XL: |  1  2  3  4  5  6 |
---------------+-------------------+-----
Fighting       | 5 6 7 |  7.4
Short Blades   | |  7.4
Long Blades    | |  7.4
Axes           | |  7.4
Maces & Flails | |  7.4
Polearms       | |  7.4
Staves         | |  7.4
Armour         | |  3.2
Shields        | |  3.2
Unarmed Combat | |  7.4

Action                   |  1- 3 |  4- 6 |  7- 9 || total
-------------------------+-------+-------+-------++-------
Melee: Flail             |   105 |   222 |    13 ||   340
       Punch             |     3 |     7 |     1 ||    11
  Eat: Chunk             |     3 |    12 |       ||    15
Armor: Scale mail        |    67 |   125 |     2 ||   194
Dodge: Dodged            |    74 |   149 |     3 ||   226
